 Dungeon Crawl Stone Soup version 0.30-a0-1008-g30c9307041 (webtiles) character file.

Game seed: 5611981388789170744

95 ThatPearl the Insei (level 4, -1/34 HPs)
             Began as a Demigod Transmuter on Apr 5, 2023.
             Slain by Sigmund
             ... wielding a +0 scythe
              (9 damage)
             ... on level 3 of the Dungeon.
             The game lasted 00:04:39 (1719 turns).

ThatPearl the Insei (Demigod Transmuter)            Turns: 1719, Time: 00:04:40

Health: -1/34      AC:  3    Str: 11    XL:     4   Next: 17%
Magic:  10/10      EV:  9    Int: 25    God:
Gold:   166        SH:  0    Dex: 14    Spells: 4/7 levels left

rFire   . . .      SeeInvis .      - Unarmed
rCold   . . .      Faith    .    (no shield)
rNeg    . . .      Spirit   .    a - +0 robe
rPois   .          Reflect  .    (helmet currently unavailable)
rElec   .          Rampage  .    (no cloak)
rCorr   .                        o - +0 pair of gloves
Will    .....                    (boots currently unavailable)
Stlth   +                        (no amulet)
HPRegen 0.25/turn                h - +6 ring of intelligence
MPRegen 0.12/turn                (no ring)

@: appendages (expiring), constricted
A: horns 2, talons 2, high MP 1, forlorn, divine attributes
a: End Transformation


You were on level 3 of the Dungeon.
You had temporarily grown beastly horns and talons.
You visited 1 branch of the dungeon, and saw 3 of its levels.

You collected 166 gold pieces.

Inventory:

Missiles
 l - 3 boomerangs
Armour
 a - a +0 robe (worn)
 o - a +0 pair of gloves (worn)
Jewellery
 h - a +6 ring of intelligence (left hand)
Wands
 k - a wand of flame (8)
Scrolls
 c - 2 scrolls of blinking {unknown}
 e - 5 scrolls of identify {unknown}
 i - a scroll of immolation {unknown}
 n - a scroll of silence {unknown}
 q - a scroll of teleportation {unknown}
 r - a scroll of poison {unknown}
 t - a scroll of magic mapping {unknown}
Potions
 b - a potion of lignification
 d - a potion of brilliance {unknown}
 f - 3 potions of heal wounds {unknown}
 g - a potion of flight {unknown}
 j - 2 potions of degeneration {unknown}
 m - a potion of mutation {unknown}
 p - a potion of ambrosia {unknown}
 s - a potion of might {unknown}


   Skills:
 - Level 0.8 Fighting
 - Level 1.7 Dodging
 * Level 3.9 Unarmed Combat
 + Level 2.4 Spellcasting
 + Level 2.5 Transmutations


You had 4 spell levels left.
You knew the following spells:

 Your Spells              Type           Power      Damage    Failure   Level
a - Beastly Appendage     Tmut           30%        N/A       3%          1
w - Wereblood             Tmut           15%        N/A       5%          2

Your spell library contained the following spells:

 Spells                   Type           Power      Damage    Failure   Level
 Apportation              Tloc           6%         N/A       11%         1
 Slow                     Hex            12%        N/A       11%         1
 Spider Form              Tmut/Pois      9%         N/A       19%         3
 Dazzling Flash           Conj/Hex       6%         N/A       32%         3
 Ice Form                 Ice/Tmut       9%         N/A       54%         4
 Alistair's Intoxication  Tmut/Pois      6%         N/A       87%         5
 Enfeeble                 Hex            1%         N/A       100%        7


Dungeon Overview and Level Annotations

Branches:
Dungeon (3/15)

Shops:
D:1 :

Annotations:
D:3 Sigmund


Innate Abilities, Weirdness & Mutations

You have temporarily grown beastly horns and talons.
You have an increased reservoir of magic. (+10% MP)
You shall have no god before yourself.
Your divine heritage dramatically boosts your attributes as you level up.


Message History

Sigmund gestures at you while chanting.
You are confused.
Sigmund hits you with a +0 scythe.
You bump into the rock wall.
Sigmund casts a spell.
Sigmund flickers and vanishes!
Deactivating autopickup; reactivate with Ctrl-A.
You hear an angry hiss.
Something hits you.
The ball python hisses angrily.
You miss something.
Your transformation is almost over.
Something hits you but does no damage.
You miss something. Your kick misses something. Your headbutt misses something.
You feel less confused. The ball python barely misses you.
The ball python misses you.
You hear some strange, mumbled words.
Something tries to affect you, but you resist.
You hit something. Your punch misses something. The ball python bites you.
The ball python grabs you. The ball python constricts you.
You barely miss something.
The ball python bites you but does no damage.
The ball python constricts you. Something hits you. The ball python bites you.
The ball python constricts you.
You closely miss something. Your kick misses something. Something hits you!
The ball python bites you.
* * * LOW HITPOINT WARNING * * *
The ball python constricts you.
* * * LOW HITPOINT WARNING * * *
You closely miss something. Your kick misses something.
The ball python barely misses you. The ball python constricts you.
* * * LOW HITPOINT WARNING * * *
You hit something but do no damage. Your headbutt misses something.
Something completely misses you. The ball python bites you.
* * * LOW HITPOINT WARNING * * *
The ball python constricts you.
You hit something. Your kick misses something. Your punch misses something.
The ball python completely misses you. The ball python constricts you.
Something hits you!
You die...

#.P... .. ...#
#.P.P. .##. #).#
#.P.P. ..... #..#
#.P.P. . ...... #..
#.P... #....... _!#
#.P.PP
##.###...##.#
#.....
.........S..#
######
#.......{@.##
.#......###..#
.............## ##
#............##.#
#..!...........# ##
#.###..###....###.#
.........###.#.#
#......(### ##.##
#...?.## #.#


You could see a ball python.

Vanquished Creatures
  Jessica (D:3)
  2 adders (D:2)
  2 dart slugs
  3 bats
  5 endoplasms
  5 giant cockroaches
  5 hobgoblins
  2 jackals (D:1)
  5 kobolds
  4 ball pythons
  2 frilled lizards
  4 goblins
  3 rats (D:2)
43 creatures vanquished.

Notes
Turn   | Place    | Note
-------+----------+-------------------------------------------
     0 | D:1      | ThatPearl the Demigod Transmuter began the quest for the
                  | Orb.
     0 | D:1      | Reached XP level 1. HP: 15/15 MP: 5/5
   280 | D:1      | Reached skill level 3 in Unarmed Combat
   293 | D:1      | Got the Precepts of Jinxing
   404 | D:1      | Reached XP level 2. HP: 22/22 MP: 5/7
   488 | D:1      | Learned a level 2 spell: Wereblood
   554 | D:1      | Found Huwipse's Book Shop.
   859 | D:2      | Reached XP level 3. HP: 19/27 MP: 8/8
  1351 | D:3      | Noticed Jessica
  1361 | D:3      | Killed Jessica
  1362 | D:3      | Reached XP level 4. HP: 10/34 MP: 10/10
  1695 | D:3      | Noticed Sigmund
  1719 | D:3      | Slain by Sigmund

Illustrated notes

Levels and vault maps discovered:
D:1:      nzn_arrival_depleted_hourglass, layout_basic, serial_shops,
          nicolae_shop_advertising_works [nicolae_subvault_shop_adworks]
D:2:      layout_rooms
D:3:      layout_loops_corners, mainiacjoe_overflow_cross_hatched,
          hellmonk_ecumenical_altar_lost_god, uniq_jessica, uniq_robin,
          uniq_sigmund

Skill      XL: |  1 |
---------------+----+-----
Unarmed Combat | 3 |  3.9
Transmutations | 2 |  2.5
Spellcasting   | 2 |  2.4
Fighting       | |  0.8
Dodging        | |  1.7

Action                     |  1- 3 |  4- 6 || total
---------------------------+-------+-------++-------
  Melee: Unarmed           |   104 |    17 ||   121
         Kick              |    21 |     3 ||    24
         Headbutt          |    16 |       ||    16
         Punch             |     1 |       ||     1
   Cast: Beastly Appendage |    25 |     5 ||    30
   Stab: Sleeping          |     1 |       ||     1
 Armour: Robe              |    11 |     4 ||    15
  Dodge: Dodged            |    54 |    11 ||    65

Table legend: (Time is in decaauts)
 A = Elapsed time spent in this place.
 B = Non-inter-level travel time spent in this place.
 C = Inter-level travel time spent in this place.
 D = Time resting spent in this place.
 E = Time spent auto-exploring this place.
 F = Levels seen in this place.
 G = Mean time per level.
                   A        B        C        D        E       F      G
               +--------+--------+--------+--------+--------+-----+--------+
         Total |   1710 |   1628 |     82 |     31 |   1181 |   3 |  570.0 |
       Dungeon |   1710 |   1628 |     82 |     31 |   1181 |   3 |  570.0 |
               +--------+--------+--------+--------+--------+-----+--------+

Top non-repeatable levels by time:
     D:1: 760 daAuts
     D:2: 495 daAuts
     D:3: 454 daAuts
